 Dungeon Crawl Stone Soup version 0.25.0-41-g26779e291d (webtiles) character file.

Game seed: 9244276777156225770

112 Ethylacetat the Changer (level 4, -2/28 HPs)
             Began as an Octopode Transmuter on July 10, 2020.
             Splashed by a jelly's acid (5 damage)
             ... on level 3 of the Dungeon.
             The game lasted 00:05:01 (3307 turns).

Ethylacetat the Changer (Octopode Transmuter)       Turns: 3307, Time: 00:05:01

Health: -2/28      AC: -7    Str: 10    XL:     4   Next: 95%
Magic:  9/9        EV: 13    Int: 15    God:
Gold:   128        SH:  0    Dex: 12    Spells: 9/10 levels left

rFire    . . .     SeeInvis .     - Unarmed
rCold    . . .     Gourm    .   (no shield)
rNeg     + . .     Faith    .   (helmet restricted)
rPois    .         Spirit   .   (no amulet)
rElec    .         Reflect  .   b - ring of stealth
rCorr    .         Harm     .   e - ring of positive energy
MR       .....                  (no ring)
Stlth    +++.......             (no ring)
HPRegen  0.09/turn              (no ring)
MPRegen  0.11/turn              (no ring)
                                (no ring)
                                (no ring)

@: mighty, lethally poisoned (-2 -> -7), appendage (expiring), corroded, stab
A: almost no armour, stealthy swim, amphibious, 8 rings, constrict 8, tentacle
spike 3, camouflage 1, gelatinous body 1
a: End Transformation


You were on level 3 of the Dungeon.
You were hungry.
One of your tentacles had a temporary spike.
You visited 1 branch of the dungeon, and saw 3 of its levels.

You collected 128 gold pieces.

Inventory:

Missiles
 a - 33 arrows
Jewellery
 b - a ring of stealth (left tentacle)
 e - a ring of positive energy (right tentacle)
Scrolls
 d - a scroll of remove curse {unknown}
 h - a scroll of noise {unknown}
 i - a scroll of random uselessness {unknown}
 j - 2 scrolls of teleportation {unknown}
 k - 2 scrolls of identify {unknown}
 o - a scroll of blinking {unknown}
Potions
 f - a potion of might
 l - a potion of ambrosia {unknown}
 m - a potion of resistance {unknown}
 n - 2 potions of curing {unknown}
Comestibles
 c - 8 rations


   Skills:
 - Level 1.0 Fighting
 - Level 2.0 Dodging
 - Level 3.0 Unarmed Combat
 + Level 3.5 Spellcasting
 + Level 3.7 Transmutations


You had 9 spell levels left.
You knew the following spells:

 Your Spells              Type           Power        Failure   Level  Hunger
a - Beastly Appendage     Tmut           ##....       4%          1    None

Your spell library contained the following spells:

 Spells                   Type           Power        Failure   Level  Hunger
 Sticks to Snakes         Tmut           ##......     6%          2    ##.....
 Spider Form              Tmut/Pois      #.........   26%         3    ###....
 Ice Form                 Ice/Tmut       #.......     65%         4    ####...
 Blade Hands              Tmut           ##........   75%         5    ######.


Dungeon Overview and Level Annotations

Branches:
Dungeon (3/15)

Altars:
Yredelemnul


Innate Abilities, Weirdness & Mutations

You cannot wear most types of armour.
You are very stealthy in the water. (Stealth+)
You are amphibious.
You can wear up to eight rings at the same time.
You can use your tentacles to constrict eight enemies at once.
Your skin changes colour to match your surroundings (Stealth+).
Your rubbery body absorbs attacks. (AC +1, EV +1)
One of your tentacles bears a large vicious spike.


Message History

Casting: Beastly Appendage (safe; 4% risk of failure)
Confirm with . or Enter, or press ? or * to list all spells.
You don't know that spell.
It was a potion of might.
You feel very mighty all of a sudden.
* * * LOW HITPOINT WARNING * * *
You feel sick.
The kobold throws a poisoned dart.
The poisoned dart barely misses you. The jelly barely misses you.
Casting: Beastly Appendage (safe; 4% risk of failure)
Confirm with . or Enter, or press ? or * to list all spells.
Okay, then.
It was a potion of stabbing.
You feel ready to backstab.
* * * LOW HITPOINT WARNING * * *
You feel sick. The kobold hits you.
* * * LOW HITPOINT WARNING * * *
The jelly hits you.
* * * LOW HITPOINT WARNING * * *
You are splashed with acid.
You die...

#........ #.####.##
#....# # ### ###.##.#
.... .......# # ###.#..
###.#..# ...._..####
#.#..#.###.#.#....
#.#..#........K.#
#.#..#.##.....@.#######
#.#..#.##.#+#.#J..?....
#.#..#.##............%.
#.#..#.##......#.......
#.#..#.##......#.......
#.#.....#......#.(.....
#.#.....#......#.......
###.#...#.##.....#.......
..........##...(.#.......


You could see a jelly and a kobold.

Vanquished Creatures
  5 adders
  2 worms
  2 dart slugs
  2 leopard geckos (D:2)
  An orc (D:3)
  A ball python (D:1)
  13 bats
  3 giant cockroaches
  5 goblins
  7 hobgoblins
  5 kobolds
  2 frilled lizards (D:1)
  7 rats
55 creatures vanquished.

Notes
Turn   | Place    | Note
-------+----------+-------------------------------------------
     0 | D:1      | Ethylacetat the Octopode Transmuter began the quest for the
                  | Orb.
     0 | D:1      | Reached XP level 1. HP: 13/13 MP: 3/3
    56 | D:1      | Reached XP level 2. HP: 16/18 MP: 5/5
   619 | D:1      | Reached XP level 3. HP: 23/23 MP: 4/6
  1434 | D:2      | Reached XP level 4. HP: 28/28 MP: 6/8
  1565 | D:2      | Found a faded altar of an unknown god.
  3301 | D:3      | Found a basalt altar of Yredelemnul.
  3307 | D:3      | Splashed by a jelly's acid

Illustrated notes

Levels and vault maps discovered:
D:1:      scummos_arrival_simple_crosswalls, layout_rooms
D:2:      layout_rooms, first_ration, chequers_ecumenical_altar_simple,
          hex_large, serial_park_tiny_1
D:3:      layout_basic, nicolae_overflow_hidden_temple, lemuel_crystal_altar,
          uniq_robin

Skill      XL: |  1  2  3 |
---------------+----------+-----
Transmutations | 3 |  3.7
Spellcasting   | 3 |  3.5
Fighting       | |  1.0
Dodging        | |  2.0
Unarmed Combat | |  3.0

Action                   |  1- 3 |  4- 6 || total
-------------------------+-------+-------++-------
Melee: Unarmed           |    81 |    55 ||   136
       Constrict         |    24 |    13 ||    37
       Tentacles         |    11 |     5 ||    16
       Kick              |     6 |    10 ||    16
       Punch             |     1 |     5 ||     6
 Cast: Beastly Appendage |    14 |    15 ||    29
  Use: Potion            |       |     2 ||     2
 Stab: Sleeping          |     7 |     4 ||    11
  Eat: Chunk             |     1 |     6 ||     7
Armor: Skin              |    22 |     3 ||    25
Dodge: Dodged            |    84 |    31 ||   115
